AoeStats
← maRtin993♪

Black Forest

510521281Analyzed
3v3 RM · 8h ago on Oct 1, 2026· 72m 44s· 6 players
Game mode
Random Map
Map size
Normal (6 player)
Population
200
Speed
Normal
Resources
Standard
Victory
Conquest
Starting age
Dark Age
Ending age
Imperial Age
RankedLock teamsTeams togetherTeam positionsShared explorationLock speedFull tech treeHidden civsTurbo modeCheats
Victory
Defeat
🇮🇳 Persians · India
855
+15
🇨🇳 Japanese · China
852
+16
🇨🇳 Hindustanis · China
843
+16
🇬🇧 Persians · United Kingdom
875
-17
🇬🇧 Danes · United Kingdom
857
-16
🇬🇧 Mongols · United Kingdom
799
-14
FrostyF20
0:27 Loom
18:00 Feudal Age
23:14 Horse Collar
23:29 Gold Mining
24:18 Double-Bit Axe
29:17 Wheelbarrow
30:52 Castle Age
40:58 Imperial Age
38:54 Heavy Plow
39:37 Gold Shaft Mining
39:21 Bow Saw
40:26 Nomads
41:09 Hand Cart
41:54 Stone Mining
45:59 Conscription
46:15 Hoardings
45:20 Pikeman
46:17 Forging
46:07 Scale Mail Armor
48:12 Squires
48:00 Arson
48:09 Man-at-Arms
50:10 Iron Casting
49:41 Scale Barding Armor
49:28 Fletching
50:41 Bloodlines
50:36 Husbandry
50:41 Light Cavalry
52:26 Chain Barding Armor
53:07 Blast Furnace
53:00 Hussar
54:45 Nomads
57:09 Caravan
61:53 Fortified Wall
61:57 Masonry
62:49 Chemistry
63:32 Chain Mail Armor
68:30 Ballistics
68:07 Murder Holes
68:11 Bodkin Arrow
raybae2000
0:31 Loom
12:32 Feudal Age
16:59 Castle Age
16:12 Double-Bit Axe
16:21 Gold Mining
16:13 Horse Collar
18:15 Bow Saw
18:51 Gold Shaft Mining
18:45 Heavy Plow
27:33 Wheelbarrow
30:53 Imperial Age
28:45 Hand Cart
29:25 Fletching
29:45 Forging
29:35 Scale Mail Armor
30:15 Hamask
31:09 Masonry
31:20 Ballistics
30:56 Murder Holes
31:00 Bodkin Arrow
31:40 Iron Casting
32:18 Gambesons
31:54 Pikeman
32:34 Squires
31:55 Man-at-Arms
32:21 Arson
33:12 Conscription
33:32 Hoardings
34:44 Chemistry
34:24 Iron Casting
34:10 Town Watch
34:17 Halberdier
34:17 Long Swordsman
35:57 Conscription
36:11 Bracer
37:12 Blast Furnace
36:27 Chain Mail Armor
37:28 Town Patrol
37:04 Two-Handed Swordsman
38:04 Onager
39:35 Siege Engineers
40:20 Chain Mail Armor
39:46 Siege Onager
44:02 Plate Mail Armor
44:32 Champion
45:45 Caravan
51:50 Northmen's Fury
51:54 Elite Jomsviking
56:29 Elite Varangian Guard
Bourny96
0:27 Loom
12:49 Feudal Age
18:52 Castle Age
18:26 Double-Bit Axe
18:25 Horse Collar
19:58 Wheelbarrow
20:54 Bow Saw
24:57 Heavy Plow
26:16 Gold Mining
30:22 Hand Cart
30:19 Scale Barding Armor
30:14 Padded Archer Armor
30:31 Forging
30:16 Fletching
29:55 Crossbowman
31:40 Caravan
32:21 Leather Archer Armor
33:20 Gold Shaft Mining
33:15 Thumb Ring
33:32 Ballistics
33:08 Murder Holes
33:57 Iron Casting
34:13 Bloodlines
35:22 Kamandaran
36:00 Husbandry
39:01 Imperial Age
39:16 Elite War Elephant
40:13 Bodkin Arrow
41:18 Blast Furnace
40:39 Chain Barding Armor
40:18 Town Watch
40:42 Devotion
40:15 Cavalier
41:54 Faith
42:34 Conscription
46:27 Heavy Scorpion
52:45 Ring Archer Armor
52:36 Chain Barding Armor
61:56 Plate Barding Armor
71:46 Savar
chilthing
12:09 Feudal Age
16:26 Castle Age
14:50 Double-Bit Axe
14:47 Horse Collar
24:13 Heavy Plow
24:27 Bow Saw
25:36 Gold Mining
25:37 Stone Mining
28:18 Forging
28:15 Scale Barding Armor
27:58 Town Watch
28:53 Caravan
32:24 Imperial Age
31:30 Husbandry
31:43 Bloodlines
31:37 Grand Trunk Road
32:40 Chain Barding Armor
33:08 Gold Shaft Mining
33:36 Stone Shaft Mining
33:39 Iron Casting
34:28 Plate Barding Armor
34:36 Wheelbarrow
36:44 Blast Furnace
36:01 Hand Cart
35:47 Town Patrol
37:10 Two-Man Saw
36:35 Ballistics
36:26 Masonry
36:12 Murder Holes
36:22 Scale Mail Armor
36:23 Padded Archer Armor
36:13 Fletching
38:00 Squires
37:21 Pikeman
37:33 Heavy Camel Rider
40:07 Chemistry
39:36 Arson
41:53 Imperial Camel Rider
42:39 Shatagni
42:29 Loom
43:07 Fortified Wall
42:48 Guard Tower
44:16 Leather Archer Armor
43:57 Bodkin Arrow
44:17 Chain Mail Armor
45:06 Elite Ghulam
46:30 Coinage
46:33 Ring Archer Armor
46:04 Bracer
57:40 Light Cavalry
65:20 Hussar
Rudhra_6577
0:26 Loom
14:54 Feudal Age
16:42 Double-Bit Axe
23:10 Castle Age
27:16 Bow Saw
27:18 Stone Mining
27:09 Horse Collar
30:40 Heavy Plow
35:58 Imperial Age
33:15 Town Watch
34:39 Wheelbarrow
34:38 Forging
34:33 Scale Barding Armor
35:00 Ballistics
35:14 Gold Mining
36:03 Stone Shaft Mining
35:23 Fletching
35:33 Padded Archer Armor
34:56 Elite Skirmisher
35:47 Kamandaran
36:55 Crop Rotation
37:27 Two-Man Saw
37:09 Conscription
36:15 Crossbowman
38:12 Gold Shaft Mining
38:11 Hand Cart
38:04 Caravan
39:38 Chemistry
38:45 Thumb Ring
38:18 Light Cavalry
39:08 Bloodlines
38:58 Husbandry
39:10 Bodkin Arrow
39:30 Leather Archer Armor
39:51 Iron Casting
39:37 Chain Barding Armor
39:55 Hussar
40:57 Chain Barding Armor
42:18 Cavalier
44:22 Ring Archer Armor
43:56 Savar
46:24 Blast Furnace
46:00 Plate Barding Armor
50:56 Scale Mail Armor
56:25 Gambesons
56:40 Squires
56:00 Pikeman
57:31 Halberdier
59:11 Chain Mail Armor
60:41 Plate Mail Armor
maRtin993♪
0:43 Loom
14:38 Feudal Age
18:39 Castle Age
18:22 Double-Bit Axe
18:18 Horse Collar
18:42 Scale Mail Armor
21:05 Forging
24:51 Wheelbarrow
25:44 Iron Casting
26:51 Bow Saw
27:46 Caravan
28:05 Squires
27:51 Arson
29:37 Hand Cart
30:15 Heavy Plow
30:35 Town Watch
34:03 Imperial Age
32:47 Stone Mining
32:48 Gold Mining
34:17 Gold Shaft Mining
34:34 Town Patrol
36:27 Two-Man Saw
35:40 Elite Samurai
36:33 Capped Ram
37:54 Hoardings
38:26 Kataparuto
39:41 Blast Furnace
38:56 Chain Mail Armor
39:04 Ballistics
39:07 Devotion
40:41 Chemistry
39:36 Murder Holes
39:52 Masonry
39:56 Siege Engineers
39:39 Treadmill Crane
42:33 Coinage
45:04 Plate Mail Armor
47:13 Pikeman
50:34 Halberdier
52:54 Halberdier
53:21 Gambesons
63:33 Block Printing
72:02 Banking
Connection lost

Rejoining the realm…

Still unreachable

The connection could not be restored.

Session expired

The server has moved on; the page needs a fresh start.